 Dungeon Crawl Stone Soup version 0.29-a0-197-ge3fb4bd5a4 (webtiles) character file.

Game seed: 5128361465020751482

1040 esteth the Archer (level 7, 0/53 HPs)
             Began as a Demigod Hunter on Feb 22, 2022.
             Slain by a scorpion (9 damage)
             ... on level 5 of the Dungeon on Feb 23, 2022.
             The game lasted 00:07:26 (3643 turns).

esteth the Archer (Demigod Hunter)                  Turns: 3643, Time: 00:07:27

Health: 0/53       AC:  3    Str: 13    XL:     7   Next: 74%
Magic:  9/9        EV: 12    Int: 13    God:
Gold:   468        SH:  0    Dex: 22    Spells: 6/6 levels left

rFire   . . .      SeeInvis .   a - +1 shortbow
rCold   . . .      Faith    .   (shield currently unavailable)
rNeg    . . .      Spirit   .   b - +0 leather armour
rPois   .          Reflect  .   (no helmet)
rElec   .          Harm     .   (no cloak)
rCorr   .          Rampage  .   (no gloves)
Will    .....                   (no boots)
Stlth   ++........              g - amulet of regeneration
HPRegen 0.97/turn               (no ring)
MPRegen 0.11/turn               (no ring)

@: lethally poisoned (0 -> -2), attractive
A: high MP 1, forlorn, divine attributes
a: no special abilities


You were on level 5 of the Dungeon.
You visited 1 branch of the dungeon, and saw 5 of its levels.
You also visited: Sewer.

You collected 468 gold pieces.


Innate Abilities, Weirdness & Mutations

You have an increased reservoir of magic. (+10% MP)
You shall have no god before yourself.
Your divine heritage dramatically boosts your attributes as you level up.


   Skills:
 - Level 1.7 Fighting
 + Level 9.4 Bows
 - Level 1.7 Dodging
 - Level 0.8 Stealth


You had 6 spell levels left.
You didn't know any spells.
Your spell library contained the following spells:

 Spells                   Type           Power      Damage    Failure   Level
 Gell's Gravitas          Tloc           0%         N/A       75%         3
 Teleport Other           Tloc           0%         N/A       75%         3
 Dispersal                Tloc           0%         N/A       100%        6

Inventory:

Hand Weapons
 a - a +1 shortbow (weapon)
 s - the +1 great sword of Isuniumm {flame, rF+ Dex+4}
   (You found it in a sewer)

   It burns those it strikes, dealing additional fire damage.
   Big, fiery blades are also staple armaments of hydra-hunters.
   Dex:       It affects your dexterity (+4).
   rF:        It protects you from fire.
Missiles
 f - 106 stones (quivered)
 H - 3 atropa-tipped darts
Armour
 b - a +0 leather armour (worn)
 c - a +0 chain mail
   (You took it off Terence on level 3 of the Dungeon)
 e - a +0 leather armour
   (You found it on level 1 of the Dungeon)
 h - a +0 ring mail
   (You found it on level 1 of the Dungeon)
 i - a +0 scale mail
   (You found it on level 3 of the Dungeon)
 k - a +0 leather armour
   (You found it on level 2 of the Dungeon)
 n - a +0 leather armour
   (You found it on level 3 of the Dungeon)
 o - a +0 ring mail
   (You found it on level 3 of the Dungeon)
 r - a +0 animal skin
   (You took it off Robin on level 4 of the Dungeon)
 v - a +0 robe
   (You took it off Blork the orc on level 4 of the Dungeon)
 y - a +0 scale mail
   (You found it on level 4 of the Dungeon)
 A - a +0 chain mail
   (You found it on level 4 of the Dungeon)
 B - a +0 helmet
   (You took it off Robin on level 4 of the Dungeon)
 D - a scarf of shadows
   (You found it on level 5 of the Dungeon)
 E - a +0 leather armour
   (You found it on level 5 of the Dungeon)
 F - a +0 ring mail
   (You found it on level 5 of the Dungeon)
 I - a +0 ring mail
   (You found it on level 5 of the Dungeon)
Magical Staves
 x - a staff of death {!a}
   (You found it on level 4 of the Dungeon)
Jewellery
 g - an amulet of regeneration (around neck)
   (You found it on level 1 of the Dungeon)
 G - an amulet of guardian spirit
   (You found it on level 4 of the Dungeon)
Scrolls
 d - a scroll of holy word {unknown}
 l - a scroll of silence {unknown}
 m - a scroll of magic mapping {!r}
 q - 2 scrolls of teleportation {@r4}
 w - 2 scrolls of identify {@r1}
 C - a scroll of blinking {unknown}
Potions
 j - 6 potions of flight
 p - a potion of attraction {!q}
 t - 3 potions of mutation {unknown}
 u - a potion of berserk rage {unknown}
 z - 2 potions of heal wounds {unknown}

Dungeon Overview and Level Annotations

Branches:
Dungeon (5/15)              Sewer (visited)
 Temple: D:4-7

Annotations:
D:1 exclusion: downstairs

#..#.≈≈≈≈≈§§.#
##.#§........##
#####...#########.#
#######..............##.#
#.......###.............#
..####### #..........####
....# #..........#
....########........##
###......####..s@..##
###.##....#..<...#
#.#####.#......#
#####....##........#
.....###.####......#
.....## # #...##.#
......## # #.####.#
.......##.# #.# .#
..........###.#


You could see a scorpion.


Message History

You feel sick. 😨 HP[-1]
You take 1 damage, and now have 20/53 hp.
You feel sick. 😨 HP[-1]
You take 1 damage, and now have 19/53 hp.
You feel sick. 😨 HP[-1]
You take 1 damage, and now have 18/53 hp.
You feel sick.
You feel sick. The scorpion barely misses you.
You feel sick.
You feel sick.
You feel sick.
You are no longer poisoned.
The scorpion stings you but does no damage. 😨 HP[+1] 😨 HP[+1]
The scorpion misses you. 😨 HP[+1] 😨 HP[+1] 😨 HP[+1] 😨 HP[+1]
The scorpion barely misses you. 😨 HP[+1] 😨 HP[+1] 😮 HP[+1] 😮 HP[+1]
The scorpion barely misses you. 😮 HP[+1] 😮 HP[+1] 😮 HP[+1] 😮 HP[+1] 😮 HP[+1]
The scorpion stings you!
* * * LOW HITPOINT WARNING * * *
There is a stone staircase leading up, spattered with blood here. 😨 HP[-7]
You take 7 damage, and now have 26/53 hp. 😮 HP[+1]
You are too injured to fight recklessly!
You are too injured to fight recklessly!
Throw: 112 stones
Press: ? - help, Q - select action, (/) - cycle Shift-Dir - straight line, f/p - scorpion
Aim: a scorpion (severely wounded, 63% to hit)
You throw a stone. The stone hits the scorpion.
The scorpion stings you!
* * * LOW HITPOINT WARNING * * *
😨 HP[-7]
You take 7 damage, and now have 20/53 hp.
Throw: 111 stones
Press: ? - help, Q - select action, (/) - cycle Shift-Dir - straight line, f/p - scorpion
Aim: a scorpion (almost dead, 63% to hit)
You throw a stone.
The stone hits the scorpion but does no damage.
The scorpion stings you.
* * * LOW HITPOINT WARNING * * *
The scorpion barely misses you. 😨 HP[-3]
You take 3 damage, and now have 17/53 hp.
Throw: 110 stones
Press: ? - help, Q - select action, (/) - cycle Shift-Dir - straight line, f/p - scorpion
Aim: a scorpion (almost dead, 63% to hit)
You throw a stone.
The stone hits the scorpion but does no damage.
The scorpion barely misses you. 😨 HP[+1] Throw: 109 stones
Press: ? - help, Q - select action, (/) - cycle Shift-Dir - straight line, f/p - scorpion
Aim: a scorpion (almost dead, 63% to hit)
You throw a stone.
The stone hits the scorpion but does no damage.
The scorpion stings you.
* * * LOW HITPOINT WARNING * * *
You are poisoned.
The scorpion poisons you!
The scorpion closely misses you. 😱 HP[-5]
You take 5 damage, and now have 13/53 hp.
It was a potion of attraction.
You feel attractive to monsters.
You feel very sick.
The scorpion barely misses you. 😱 HP[-2]
You take 2 damage, and now have 11/53 hp.
Throw: 108 stones
Press: ? - help, Q - select action, (/) - cycle Shift-Dir - straight line, f/p - scorpion
Aim: a scorpion (almost dead, 63% to hit)
You throw a stone.
The stone hits the scorpion but does no damage.
You feel very sick.
The scorpion completely misses you. 😱 HP[-2]
You take 2 damage, and now have 9/53 hp.
Throw: 107 stones
Press: ? - help, Q - select action, (/) - cycle Shift-Dir - straight line, f/p - scorpion
Aim: a scorpion (almost dead, 63% to hit)
You throw a stone.
The stone hits the scorpion but does no damage.
You feel sick. The scorpion stings you!
You die...

Skill      XL: |  1  2  3  4  5  6  7 |
---------------+----------------------+-----
Bows           | 4 5 6 7 8 9 |  9.4
Fighting       | |  1.7
Dodging        | |  1.7
Stealth        | |  0.8

Action                   |  1- 3 |  4- 6 |  7- 9 || total
-------------------------+-------+-------+-------++-------
 Fire: Shortbow          |    96 |   178 |    90 ||   364
Throw: Stone             |     7 |    17 |    33 ||    57
  Use: Scroll            |       |     3 |       ||     3
       Potion            |       |       |     2 ||     2
Armor: Leather armour    |    13 |    28 |    11 ||    52
Dodge: Dodged            |    30 |    60 |    56 ||   146

Levels and vault maps discovered:
D:1:      heliophobic_arrival_enchanted_forest, layout_rooms, serial_forest,
          infiniplex_forest_corner_1, infiniplex_forest_lined_2,
          infiniplex_forest_end_3, infiniplex_forest_pool,
          infiniplex_forest_clump_medium, infiniplex_forest_lined_corner,
          infiniplex_forest_split
D:2:      layout_basic, basic_altar, nicolae_ecumenical_oubliette,
          amcnicky_mini_pool_small, minmay_lizard_pond
D:3:      layout_basic, gammafunk_temple_overflow_elements,
          portal_sewer_entry_b, uniq_terence
D:4:      layout_basic, kennysheep_small_spiral, minmay_starry_boxes,
          uniq_robin, uniq_blork_the_orc
D:5:      layout_rooms, mainiacjoe_overflow_paths

Notes
Turn   | Place    | Note
-------+----------+-------------------------------------------
     0 | D:1      | esteth the Demigod Hunter began the quest for the Orb.
     0 | D:1      | Reached XP level 1. HP: 17/17 MP: 3/3
     0 | D:1      | magus.rc [v1.11.3]
    75 | D:1      | Reached skill level 4 in Bows
    92 | D:1      | Reached XP level 2. HP: 24/24 MP: 4/4
   653 | D:1      | Reached XP level 3. HP: 27/29 MP: 5/5
   842 | D:2      | Reached skill level 5 in Bows
   948 | D:2      | Reached XP level 4. HP: 36/36 MP: 6/6
  1287 | D:3      | Noticed Terence
  1461 | D:3      | Killed Terence
  1680 | D:3      | Found a glowing drain.
  1684 | D:3      | Reached skill level 6 in Bows
  1692 | Sewer    | Entered a sewer
  1695 | Sewer    | Reached XP level 5. HP: 41/41 MP: 7/7
  1916 | Sewer    | Identified the +1 great sword of Isuniumm {flame, rF+
                  | Dex+4}
  2112 | D:3      | You add the spells Gell's Gravitas, Teleport Other and
                  | Dispersal to your library.
  2431 | D:4      | Noticed Blork the orc
  2438 | D:4      | Killed Blork the orc
  2439 | D:4      | Reached skill level 7 in Bows
  2439 | D:4      | Reached XP level 6. HP: 45/48 MP: 8/8
  2736 | D:4      | Reached skill level 8 in Bows
  2736 | D:4      | Reached XP level 7. HP: 53/53 MP: 9/9
  2961 | D:4      | Noticed Robin
  3057 | D:4      | Killed Robin
  3320 | D:5      | Entered Level 5 of the Dungeon
  3348 | D:5      | Reached skill level 9 in Bows
  3640 | D:5      | HP: 13/53 [scorpion (6)]
  3643 | D:5      | Slain by a scorpion

Vanquished Creatures
  A necrophage (D:5)
  2 ogres (D:4)
  A centaur (D:4)
  Blork the orc (D:4)
  2 scorpions
  A howler monkey (D:4)
  Terence (D:3)
  2 centaur skeletons
  3 iguanas
  A merfolk siren (Sewer)
  A merfolk avatar (Sewer)
  A killer bee zombie (D:5)
  A hound skeleton (D:2)
  Robin (D:4)
  8 adders
  3 river rats
  An ufetubus (D:5)
  An adder skeleton (D:4)
  2 worms (D:2)
  A dart slug (D:4)
  16 ball pythons
  6 endoplasms
  2 giant cockroaches
  13 goblins
  10 hobgoblins
  9 jackals
  3 quokkas
  5 bats
  15 frilled lizards
  10 kobolds
  18 rats
142 creatures vanquished.

Table legend:
 A = Non-vault XP
 B = Vault XP
 C = Vault XP percentage of total XP
 D = Non-vault monster count
 E = Vault monster count
 F = Vault count percentage of total count
                 A         B        C        D         E       F
            +---------+---------+-------+---------+---------+-------
      Total |     774 |     712 |  47.9 |      80 |      62 |  43.7
            +---------+---------+-------+---------+---------+-------
        D:1 |      47 |       0 |   0.0 |      23 |       0 |   0.0
        D:2 |      76 |       4 |   5.0 |      24 |       4 |  14.3
        D:3 |      46 |      64 |  58.2 |      13 |       3 |  18.8
        D:4 |     284 |     514 |  64.4 |      14 |      19 |  57.6
        D:5 |     321 |       0 |   0.0 |       6 |       0 |   0.0
      Sewer |       0 |     130 | 100.0 |       0 |      36 | 100.0
            +---------+---------+-------+---------+---------+-------

Illustrated notes

Table legend:
 A = Kills in this place as a percentage of kills in entire the game.
 B = Kills by you in this place as a percentage of kills by you in the entire game.
 C = Kills by friends in this place as a percentage of kills by friends in the entire game.
 D = Other kills in this place as a percentage of other kills in the entire game.
 E = Experience gained in this place as a percentage of experience gained in the entire game.
 F = Experience gained in this place divided by the number of levels of this place that you have seen.
                   A       B       C       D       E      F
               +-------+-------+-------+-------+-------+----------------------
         Total | 100.0 | 100.0 |   N/A |   N/A | 100.0 | 247.7
       Dungeon |  74.6 |  74.6 |   N/A |   N/A |  91.3 | 271.2
         Sewer |  25.4 |  25.4 |   N/A |   N/A |   8.7 | 130.0
               +-------+-------+-------+-------+-------+----------------------

Table legend: (Time is in decaauts)
 A = Elapsed time spent in this place.
 B = Non-inter-level travel time spent in this place.
 C = Inter-level travel time spent in this place.
 D = Time resting spent in this place.
 E = Time spent auto-exploring this place.
 F = Levels seen in this place.
 G = Mean time per level.
                   A        B        C        D        E       F      G
               +--------+--------+--------+--------+--------+-----+--------+
         Total |   3782 |   3682 |    100 |    100 |   2677 |   6 |  630.3 |
       Dungeon |   3362 |   3262 |    100 |    100 |   2441 |   5 |  672.4 |
         Sewer |    420 |    420 |      0 |      0 |    236 |   1 |  420.0 |
               +--------+--------+--------+--------+--------+-----+--------+

Top non-repeatable levels by time:
     D:4: 919 daAuts
     D:3: 906 daAuts
     D:1: 693 daAuts
     D:2: 516 daAuts
   Sewer: 420 daAuts
     D:5: 326 daAuts
